 Dungeon Crawl Stone Soup version 0.29-a0-529-gfa20dd96a1 (webtiles) character file.

Game seed: 8119085034859836801

2394 avis the Skirmisher (level 9, -17/93 HPs)
             Began as an Ogre Transmuter on June 1, 2022.
             Was an Initiate of Gozag.
             Demolished by an ogre
             ... wielding a +0 glaive
              (21 damage)
             ... in a bailey.
             The game lasted 00:53:33 (9568 turns).

avis the Skirmisher (Ogre Transmuter)               Turns: 9568, Time: 00:53:34

Health: -17/93     AC:  6    Str: 21    XL:     9   Next: 46%
Magic:  16/18      EV: 10    Int: 20    God:    Gozag
Gold:   401        SH:  0    Dex: 21    Spells: 4/20 levels left

rFire   . . .      SeeInvis .   a - +5 war axe of Gozag's Approval {vorpal, rElec rF- Str+5 Dex+8}
rCold   . . .      Faith    .   (no shield)
rNeg    . . .      Spirit   .   u - +2 robe {rF+}
rPois   .          Reflect  .   (helmet restricted)
rElec   +          Harm     .   H - +0 cloak
rCorr   .          Rampage  .   (gloves unavailable)
Will    .....                   (boots unavailable)
Stlth   ++........              (no amulet)
HPRegen 0.25/turn               I - +4 ring of slaying
MPRegen 0.16/turn               C - +6 ring of intelligence

@: gold aura
A: large, unfitting armour, tough skin 1
a: Renounce Religion, Potion Petition, Call Merchant, Bribe Branch


You were in a bailey.
You worshipped Gozag.
Gozag was aware of your devotion.
You visited 2 branches of the dungeon, and saw 9 of its levels.
You also visited: Bailey.

You collected 790 gold pieces.
You spent 342 gold pieces at shops.
You paid 47 gold pieces to Gozag.

Inventory:

Hand Weapons
 a - the +5 war axe of Gozag's Approval (weapon) {vorpal, rElec rF- Str+5 Dex+8}
   (You found it on level 7 of the Dungeon)

   It inflicts extra damage upon your enemies.
   Str:       It affects your strength (+5).
   Dex:       It affects your dexterity (+8).
   rF:        It makes you vulnerable to fire.
   rElec:     It insulates you from electricity.
 b - a +0 hand crossbow
Missiles
 r - 13 boomerangs
 L - a curare-tipped dart
Armour
 u - a +2 robe of fire resistance (worn)
 H - a +0 cloak (worn)
Jewellery
 q - a ring of positive energy
 C - a +6 ring of intelligence (right hand)
 I - a +4 ring of slaying (left hand)
Wands
 c - a wand of charming (11)
 j - a wand of iceblast (8)
 A - a wand of mindburst (23)
 E - a wand of flame (8)
 J - a wand of digging (6)
Scrolls
 d - a scroll of enchant weapon {unknown}
 f - a scroll of silence {unknown}
 g - 4 scrolls of noise {unknown}
 k - 3 scrolls of teleportation
 l - 2 scrolls of immolation {unknown}
 o - a scroll of amnesia {unknown}
 s - 3 scrolls of vulnerability {unknown}
 v - a scroll of blinking {unknown}
 w - a scroll of fear {unknown}
 z - a scroll of enchant armour {unknown}
 G - a scroll of magic mapping {unknown}
Potions
 h - a potion of berserk rage {unknown}
 m - 2 potions of lignification
 n - 8 potions of curing
 p - a potion of mutation {unknown}
 t - 3 potions of haste
 x - a potion of invisibility {unknown}
 B - 2 potions of heal wounds
 D - 2 potions of flight {unknown}
 F - a potion of might {unknown}
 N - 2 potions of brilliance {unknown}


   Skills:
 - Level 7.0 Fighting
 - Level 2.0 Dodging
 - Level 4.0 Unarmed Combat
 - Level 6.0 Spellcasting
 * Level 5.9 Transmutations
 - Level 6.0 Ice Magic
 - Level 2.0 Poison Magic


You had 4 spell levels left.
You knew the following spells:

 Your Spells              Type           Power      Damage    Failure   Level
a - Beastly Appendage     Tmut           58%        N/A       1%          1
o - Ozocubu's Armour      Ice            30%        N/A       2%          3
p - Spider Form           Tmut/Pois      21%        N/A       6%          3
q - Ice Form              Ice/Tmut       29%        N/A       9%          4
B - Blade Hands           Tmut           14%        N/A       26%         5

Your spell library contained the following spells:

 Spells                   Type           Power      Damage    Failure   Level
 Wereblood                Tmut           29%        N/A       1%          2
 Ensorcelled Hibernation  Hex/Ice        36%        N/A       4%          2
 Passwall                 Tmut/Erth      14%        N/A       4%          2
 Sandblast                Erth           12%        2d6       11%         1
 Stone Arrow              Conj/Erth      12%        3d7       30%         3
 Swiftness                Air            6%         N/A       30%         3
 Irradiate                Conj/Tmut      8%         3d16      65%         5
 Dragon Form              Tmut           14%        N/A       100%        7
 Ozocubu's Refrigeration  Ice            15%        4d8       100%        7


Dungeon Overview and Level Annotations

Branches:
Dungeon (8/15)             Temple (1/1) D:4          Bailey (1/1)
   Lair: D:8-11

Altars:
Ashenzari
Cheibriados
Dithmenos
Elyvilon
Fedhas
Gozag
Hepliaklqana
Kikubaaqudgha
Makhleb
Nemelex Xobeh
Okawaru
Qazlal
Ru
Sif Muna
Trog
Uskayaw
Vehumet
Wu Jian
Xom
Yredelemnul
Zin
The Shining One

Shops:
D:1 :   D:6 *


Innate Abilities, Weirdness & Mutations

You are too large for most types of armour.
You have tough skin. (AC +1)


Message History

Casting: Ice Form (dangerous; 10% risk of failure)
Confirm with . or Enter, or press ? or * to list all spells.
Your icy body feels more resilient.
The ogre hits you with a +0 halberd!
You hit the ogre. You freeze the ogre.
The ogre is moderately wounded.
You punch the ogre! You freeze the ogre.
The ogre is severely wounded.
The ogre hits you but does no damage.
You punch the ogre! You freeze the ogre.
You kill the ogre!
Your icy armour cracks and falls away as you move.
You now have enough gold to petition Gozag for potion effects.
You now have 401 gold pieces (gained 21).
You see here a +0 halberd.
Your transformation is almost over. 3 ogres come into view.
The ogre shouts! x2; You hear a shout!
You hear two shouts!
You hear a shout! x2
You warm up again.
The +5 war axe of Gozag's Approval {vorpal, rElec rF- Str+5 Dex+8} unmelds from your body.
Your +0 cloak unmelds from your body.
Your +2 robe of fire resistance unmelds from your body.
You feel resistant to fire.
Casting: Ozocubu's Armour (mildly dangerous; 2% risk of failure)
Confirm with . or Enter, or press ? or * to list all spells.
A film of ice covers your body!
Your icy armour will break if you move.
Continue?
Your icy armour cracks and falls away as you move.
You barely miss the ogre. The ogre misses you.
The ogre hits you from afar with a +0 glaive!
You completely miss the ogre. The ogre hits you with a +0 halberd!!
The ogre hits you from afar with a +0 glaive!!
* * * LOW HITPOINT WARNING * * *
The ogre hits you from afar with a +0 halberd!
* * * LOW HITPOINT WARNING * * *
Okay, then.
You feel much better. The ogre hits you with a +0 halberd!
* * * LOW HITPOINT WARNING * * *
The ogre hits you from afar with a +0 glaive!!
You die...
Your body crumbles into a pile of gold.

#######
.O.....##
........## ###
#..## ##.##
##OO## ##...##
#♣.O## #.....#
##@.###.....##
#..≈≈≈..∩...#
#..≈≈≈.)....#
#..≈≈≈......#
#..≈≈≈......#
♣..≈≈≈..∩...#
♣#..###.....##
#♣..## #.....#
##..## ##...##


You could see 3 ogres.

Vanquished Creatures
  A spriggan (Bailey)
  Menkaure (D:4)
  A water moccasin (D:7)
  The ghost of spaghetti the Grave Robber, an amateur VSNe (D:3)
  2 sky beasts
  2 black bears (D:7)
  An ogre (Bailey)
  An ice beast (D:8)
  A centaur (D:7)
  A phantom (D:7)
  A kobold brigand (D:7)
  A necrophage (D:7)
  3 killer bees (D:8)
  The ghost of jujuben the Insei, a weakling OpTm (D:3)
  5 howler monkeys
  3 orc priests (D:7)
  3 hounds
  5 iguanas
  5 orc wizards
  4 gnolls (D:6)
  9 adders
  A shadow imp (D:7)
  3 white imps
  3 ufetubi
  2 worms
  3 dart slugs
  30 orcs
  9 ball pythons
  11 endoplasms
  3 giant cockroaches
  13 goblins
  6 hobgoblins
  8 jackals (D:2)
  15 kobolds
  A quokka (D:1)
  4 bats
  3 frilled lizards
  4 rats
171 creatures vanquished.

Notes
Turn   | Place    | Note
-------+----------+-------------------------------------------
     0 | D:1      | avis the Ogre Transmuter began the quest for the Orb.
     0 | D:1      | Reached XP level 1. HP: 19/19 MP: 3/3
    25 | D:1      | Reached skill level 2 in Fighting
   106 | D:1      | Reached XP level 2. HP: 29/29 MP: 3/5
   177 | D:1      | Reached skill level 3 in Fighting
   556 | D:1      | Reached XP level 3. HP: 39/39 MP: 4/6
   655 | D:1      | Reached skill level 4 in Fighting
   704 | D:1      | Found Qaulec's Book Shop.
  1329 | D:2      | Learned a level 3 spell: Spider Form
  1540 | D:2      | Reached XP level 4. HP: 37/48 MP: 6/8
  1697 | D:2      | Reached skill level 1 in Poison Magic
  2227 | D:2      | Reached XP level 5. HP: 4/54 MP: 5/9
  2925 | D:3      | Identified the +4 spear of Reason {freeze, rPois rN+}
  3021 | D:3      | Reached skill level 5 in Fighting
  3339 | D:3      | Found a runed translucent gate.
  3339 | D:3      | Found a runed translucent gate.
  3339 | D:3      | Found a runed translucent gate.
  3345 | D:3      | Noticed spaghetti's ghost (amateur VSNe)
  3345 | D:3      | Noticed jujuben's ghost (weakling OpTm)
  3568 | D:4      | Reached XP level 6. HP: 38/67 MP: 7/10
  3569 | D:4      | Noticed Menkaure
  3576 | D:4      | Reached skill level 6 in Fighting
  3607 | D:4      | Killed Menkaure
  3608 | D:4      | Reached skill level 7 in Fighting
  4158 | D:4      | Reached XP level 7. HP: 65/78 MP: 8/11
  4342 | D:4      | Found a glowing silver altar of Zin.
  4512 | D:4      | Found a staircase to the Ecumenical Temple.
  4518 | Temple   | Entered the Ecumenical Temple
  4870 | Temple   | Became a worshipper of Gozag Ym Sagoz the Greedy
  5178 | D:4      | Learned a level 4 spell: Ice Form
  5213 | D:5      | Entered Level 5 of the Dungeon
  5492 | D:5      | Reached skill level 1 in Ice Magic
  5970 | D:6      | Found Woliruenn's General Store.
  6252 | D:1      | Bought Ozocubu's Autobiography for 312 gold pieces
  6256 | D:1      | Learned a level 3 spell: Ozocubu's Armour
  6314 | D:3      | Killed jujuben's ghost
  6315 | D:3      | Killed spaghetti's ghost
  6316 | D:3      | Reached XP level 8. HP: 87/87 MP: 7/14
  6851 | D:6      | Identified the +1 scale mail of Exclusion {*Slow rC+
                  | Will+++ Dex-2}
  7015 | D:6      | Reached skill level 5 in Ice Magic
  7540 | D:6      | Bought a scroll of identify for 30 gold pieces
  8325 | D:7      | Reached skill level 5 in Spellcasting
  8516 | D:7      | Reached XP level 9. HP: 51/93 MP: 9/16
  8724 | D:7      | Learned a level 5 spell: Blade Hands
  9209 | D:7      | Identified the +5 war axe of Gozag's Approval {vorpal,
                  | rElec rF- Str+5 Dex+8}
  9457 | D:8      | Reached skill level 5 in Transmutations
  9473 | D:8      | Found a flagged portal.
  9497 | Bailey   | Entered a bailey
  9567 | Bailey   | HP: 1/93 [ogre/+0 halberd (13)]
  9568 | Bailey   | Demolished by an ogre

Illustrated notes

Levels and vault maps discovered:
D:1:      minmay_arrival_nine_rooms, layout_loops_ring, serial_shops,
          nicolae_shop_crystal, chequers_serial_rivers_small_a
D:2:      layout_basic
D:3:      layout_rooms, gammafunk_ghost_cemetery
D:4:      layout_loops_ring, zin_scriptorium, minmay_temple_entry_overgrown,
          uniq_menkaure
D:5:      layout_rooms
D:6:      layout_basic, serial_shops, shop
D:7:      layout_basic, wad_floor_pattern_1
D:8:      layout_loops_ring, enter_bailey_3
Temple:   mainiacjoe_temple_circle_huts
Bailey:   bailey_polearm_enchanted_keep_hellmonk, bailey

Skill      XL: |  1  2  3  4  5  6  7  8  9 |
---------------+----------------------------+-----
Fighting       | 2 3 4 5 7 |  7.0
Unarmed Combat | 3 4 |  4.0
Transmutations | 2 4 5 |  5.9
Spellcasting   | 3 4 5 6 |  6.0
Poison Magic   | 2 |  2.0
Dodging        | 2 |  2.0
Ice Magic      | 4 6 |  6.0

Action                   |  1- 3 |  4- 6 |  7- 9 || total
-------------------------+-------+-------+-------++-------
Melee: Unarmed           |    82 |   146 |   193 ||   421
       Kick              |    13 |    20 |     1 ||    34
       Headbutt          |     9 |     7 |     1 ||    17
       Punch             |       |     2 |       ||     2
       War axe           |       |       |     2 ||     2
 Fire: Hunting sling     |    36 |    20 |       ||    56
 Cast: Beastly Appendage |    25 |    15 |     2 ||    42
       Spider Form       |       |    19 |    19 ||    38
       Ice Form          |       |       |    18 ||    18
       Ozocubu's Armour  |       |       |    14 ||    14
  Use: Scroll            |       |       |     6 ||     6
       Potion            |       |       |     1 ||     1
 Stab: Sleeping          |       |     1 |       ||     1
       Distracted        |       |       |     1 ||     1
Armor: Robe              |    36 |    27 |     4 ||    67
       Skin              |       |     6 |    53 ||    59
Dodge: Dodged            |    48 |   102 |   130 ||   280

Table legend: (Time is in decaauts)
 A = Elapsed time spent in this place.
 B = Non-inter-level travel time spent in this place.
 C = Inter-level travel time spent in this place.
 D = Time resting spent in this place.
 E = Time spent auto-exploring this place.
 F = Levels seen in this place.
 G = Mean time per level.
                   A        B        C        D        E       F      G
               +--------+--------+--------+--------+--------+-----+--------+
         Total |   9572 |   8377 |   1195 |   1832 |   4422 |  10 |  957.2 |
       Dungeon |   9072 |   7942 |   1130 |   1832 |   4113 |   8 | 1134.0 |
        Temple |    429 |    364 |     65 |      0 |    309 |   1 |  429.0 |
        Bailey |     71 |     71 |      0 |      0 |      0 |   1 |   71.0 |
               +--------+--------+--------+--------+--------+-----+--------+

Top non-repeatable levels by time:
     D:2: 1734 daAuts
     D:7: 1543 daAuts
     D:4: 1411 daAuts
     D:6: 1364 daAuts
     D:1: 1171 daAuts
     D:5: 957 daAuts
     D:3: 840 daAuts
  Temple: 429 daAuts
  Bailey: 71 daAuts
     D:8: 49 daAuts
